AoeStats
← penpikei

African Clearing

505937809Analyzed
2v2 RM · 19d ago on Sep 11, 2026· 53m 45s· 4 players
Game mode
Random Map
Map size
Medium (4 player)
Population
200
Speed
Normal
Resources
Standard
Victory
Conquest
Starting age
Dark Age
Ending age
Imperial Age
RankedLock teamsTeams togetherTeam positionsShared explorationLock speedFull tech treeHidden civsTurbo modeCheats
Victory
Defeat
🇧🇷 Khitans · Brazil
1069
+12
🇧🇷 Persians · Brazil
1001
+15
🇩🇪 Vikings · Germany
1082
-17
🇪🇸 Celts · Spain
893
-10
Cutin Mele
6:16 Loom
14:09 Feudal Age
14:46 Double-Bit Axe
14:44 Horse Collar
20:22 Wheelbarrow
20:12 Gold Mining
25:42 Castle Age
24:14 Scale Barding Armor
24:46 Forging
25:11 Bloodlines
26:27 Bow Saw
26:18 Heavy Plow
26:54 Gold Shaft Mining
26:47 Stone Mining
29:36 Hand Cart
30:34 Stone Shaft Mining
31:58 Iron Casting
32:32 Husbandry
34:37 Chain Barding Armor
34:18 Scale Mail Armor
38:25 Imperial Age
36:20 Ballistics
37:24 Chain Mail Armor
37:03 Town Watch
38:34 Murder Holes
40:05 Chemistry
41:27 Elite Skirmisher
43:47 Two-Man Saw
43:19 Crop Rotation
43:01 Padded Archer Armor
42:52 Fletching
45:07 Conscription
45:48 Leather Archer Armor
45:28 Bodkin Arrow
46:50 Blast Furnace
46:45 Elite War Elephant
49:15 Plate Barding Armor
49:11 Plate Mail Armor
49:11 Ring Archer Armor
LDRI | LucanoO
6:37 Loom
15:26 Feudal Age
20:08 Castle Age
19:05 Forging
20:26 Wheelbarrow
20:01 Gold Mining
20:02 Double-Bit Axe
23:33 Domestication
24:20 Stone Mining
28:10 Hand Cart
28:02 Pastoralism
28:12 Fletching
29:41 Bodkin Arrow
35:06 Scale Barding Armor
35:37 Iron Casting
38:32 Imperial Age
37:01 Chain Barding Armor
37:56 Scale Mail Armor
39:48 Chain Mail Armor
39:13 Capped Ram
41:36 Chemistry
40:57 Ballistics
40:15 Siege Ram
41:00 Elite Liao Dao
43:29 Plate Mail Armor
50:19 Bracer
penpikei
3:43 Loom
15:37 Feudal Age
16:16 Double-Bit Axe
23:10 Horse Collar
28:22 Castle Age
26:38 Arson
28:19 Gold Mining
29:45 Wheelbarrow
28:55 Town Watch
28:34 Pikeman
30:34 Heavy Plow
32:46 Bow Saw
33:48 Scale Mail Armor
35:11 Treadmill Crane
35:43 Fortified Wall
35:18 Treadmill Crane
37:52 Stone Mining
41:33 Forging
49:57 Masonry
49:43 Murder Holes
50:09 Ballistics
49:40 Guard Tower
50:22 Coinage
50:29 Iron Casting
50:09 Chain Mail Armor
百足ノ舞
4:30 Loom
4:36 Loom
16:07 Feudal Age
16:32 Horse Collar
16:41 Double-Bit Axe
17:46 Gold Mining
24:46 Castle Age
23:20 Fletching
23:32 Scale Mail Armor
23:52 Stone Mining
24:51 Forging
25:44 Bow Saw
26:58 Iron Casting
26:40 Chain Mail Armor
28:23 Squires
28:10 Gambesons
28:10 Arson
31:34 Chieftains
35:50 Bodkin Arrow
38:58 Imperial Age
38:21 Masonry
38:24 Fortified Wall
38:10 Murder Holes
40:31 Hoardings
40:30 Architecture
40:08 Heavy Plow
41:11 Two-Man Saw
49:04 Blast Furnace
48:34 Plate Mail Armor
Connection lost

Rejoining the realm…

Still unreachable

The connection could not be restored.

Session expired

The server has moved on; the page needs a fresh start.